 Dungeon Crawl Stone Soup version 0.28-a0-60-g54b5640690 (webtiles) character file.

Game seed: 1745121546506836701

46 Spaninq the Grasshopper (level 3, -1/30 HPs)
             Began as a Ghoul Warper on July 30, 2021.
             Slain by an ufetubus (2 damage)
             ... on level 3 of the Dungeon.
             The game lasted 00:02:58 (2049 turns).

Spaninq the Grasshopper (Ghoul Warper)              Turns: 2049, Time: 00:03:01

Health: -1/30      AC:  8    Str: 15      XL:     3   Next: 66%
Magic:  5/5        EV:  6    Int:  7 (8)  God:
Gold:   110        SH:  0    Dex:  7 (8)  Spells: 6/6 levels left

rFire   . . .      SeeInvis .   a - +0 hand axe
rCold   + . .      Faith    .   (no shield)
rNeg    + + +      Spirit   .   e - +0 chain mail
rPois   ∞          Reflect  .   (no helmet)
rElec   .          Harm     .   (no cloak)
rCorr   .          Rampage  .   (no gloves)
Will    .....                   (no boots)
Stlth   ..........              (no amulet)
HPRegen 0.00/turn               (no ring)
MPRegen 0.09/turn               (no ring)

@: inhibited regen
A: claws 1, cold resistance 1, negative energy resistance 3, inhibited
regeneration, torment resistance 2
a: no special abilities


You were on level 3 of the Dungeon.
You visited 1 branch of the dungeon, and saw 3 of its levels.

You collected 110 gold pieces.

Inventory:

Hand Weapons
 a - a +0 hand axe (weapon)
Missiles
 d - 5 boomerangs of dispersal (quivered)
Armour
 e - a +0 chain mail (worn)
Scrolls
 b - a scroll of identify {unknown}
 c - a scroll of blinking
 h - a scroll of amnesia {unknown}
 i - a scroll of torment {unknown}
 k - a scroll of vulnerability {unknown}
 l - a scroll of immolation {unknown}
Potions
 f - a potion of brilliance {unknown}
 g - a potion of mutation
 j - a potion of lignification {unknown}


   Skills:
 + Level 2.6 Fighting
 * Level 2.5 Axes
 - Level 0.8 Throwing
 + Level 1.3 Armour
 - Level 1.7 Dodging
 + Level 2.1 Spellcasting
 + Level 2.9 Translocations


You had 6 spell levels left.
You didn't know any spells.
Your spell library contained the following spells:

 Spells                   Type           Power      Damage    Failure   Level
 Blink                    Tloc           N/A        N/A       98%         2
 Gell's Gravitas          Tloc           2%         N/A       100%        3
 Lesser Beckoning         Tloc           2%         N/A       100%        3
 Teleport Other           Tloc           4%         N/A       100%        3
 Manifold Assault         Tloc           4%         N/A       100%        5


Dungeon Overview and Level Annotations

Branches:
Dungeon (3/15)

Altars:


Innate Abilities, Weirdness & Mutations

You thrive by killing the living.
You are immune to poison.
You have sharp fingernails.
Your flesh is cold resistant. (rC+)
You are immune to negative energy. (rN+++)
You do not regenerate when monsters are visible.
You are immune to unholy pain and torment.


Message History

The ufetubus hits you.
The ufetubus hits you but does no damage.
The ufetubus barely misses you.
You miss the ufetubus.
The ufetubus is severely wounded.
The ufetubus barely misses you.
The ufetubus hits you but does no damage.
You closely miss the ufetubus.
The ufetubus is severely wounded.
The ufetubus barely misses you. The ufetubus hits you.
The ufetubus hits you but does no damage. x2
You miss the ufetubus.
The ufetubus is severely wounded.
The ufetubus hits you but does no damage.
The ufetubus hits you.
The ufetubus hits you but does no damage. x2
You closely miss the ufetubus.
The ufetubus is severely wounded.
The ufetubus hits you.
* * * LOW HITPOINT WARNING * * *
The ufetubus hits you.
* * * LOW HITPOINT WARNING * * *
The ufetubus hits you but does no damage.
The ufetubus hits you.
* * * LOW HITPOINT WARNING * * *
It was a potion of mutation.
You feel extremely strange.
Your body decomposes!
You feel dopey.
Your body decomposes!
You feel clumsy.
The ufetubus hits you but does no damage.
The ufetubus barely misses you.
You closely miss the ufetubus.
The ufetubus is severely wounded.
The ufetubus closely misses you. The ufetubus hits you.
* * * LOW HITPOINT WARNING * * *
The ufetubus hits you.
* * * LOW HITPOINT WARNING * * *
The ufetubus hits you.
You die...

# # .# #.# #.#....
...#########....#.#
.......@5..†.......
##.#########....#.#
#.#.... .# #.# # #


You could see an ufetubus.

Vanquished Creatures
  An adder (D:2)
  A dart slug (D:1)
  2 endoplasms
  3 giant cockroaches
  5 goblins
  3 hobgoblins
  6 kobolds
  3 quokkas
  3 ball pythons
  3 frilled lizards
  3 rats (D:1)
33 creatures vanquished.

Notes
Turn   | Place    | Note
-------+----------+-------------------------------------------
     0 | D:1      | Spaninq the Ghoul Warper began the quest for the Orb.
     0 | D:1      | Reached XP level 1. HP: 17/17 MP: 2/2
   447 | D:1      | Reached skill level 1 in Armour
   497 | D:1      | Reached XP level 2. HP: 24/24 MP: 3/3
  1135 | D:2      | Reached XP level 3. HP: 22/30 MP: 5/5
  2049 | D:3      | HP: 1/30 [ufetubus (3)]
  2049 | D:3      | Slain by an ufetubus

Illustrated notes

Levels and vault maps discovered:
D:1:      minmay_arrival_statue_studded, layout_basic, item_on_display_a
D:2:      layout_basic
D:3:      layout_loops_ring, slow_altar_2, shapermc_ecumenical_altar_notcrosses,
          minmay_misc_feat_chi, serial_bayou_pond_b, uniq_natasha

Skill      XL: |  1  2 |
---------------+-------+-----
Axes           | 2 |  2.5
Armour         | 1 |  1.3
Spellcasting   | 2 |  2.1
Fighting       | |  2.6
Throwing       | |  0.8
Dodging        | |  1.7
Translocations | |  2.9

Action                   || total
-------------------------++-------
Melee: Hand axe          ||   141
  Use: Potion            ||     1
Armor: Chain mail        ||   110
Dodge: Dodged            ||    53

Table legend: (Time is in decaauts)
 A = Elapsed time spent in this place.
 B = Non-inter-level travel time spent in this place.
 C = Inter-level travel time spent in this place.
 D = Time resting spent in this place.
 E = Time spent auto-exploring this place.
 F = Levels seen in this place.
 G = Mean time per level.
                   A        B        C        D        E       F      G
               +--------+--------+--------+--------+--------+-----+--------+
         Total |   2075 |   2025 |     50 |    359 |   1324 |   3 |  691.7 |
       Dungeon |   2075 |   2025 |     50 |    359 |   1324 |   3 |  691.7 |
               +--------+--------+--------+--------+--------+-----+--------+

Top non-repeatable levels by time:
     D:1: 1133 daAuts
     D:2: 891 daAuts
     D:3: 50 daAuts
